woodfighter, chaotic female orcish Cavewoman - --- - . -....---------.- ..............-- .....h.....| -.@...- - --.....-- ..-- --..................- |<.--......| |..| ......| ---- G..---- ..-- -- woodfighter the Cave Teen Experience level: 3 Strength: 18/11 Dexterity: 11 Constitution: 16 Intelligence: 7 Wisdom: 9 Charisma: 6 Health: 0(26) Energy: 8(8) Def: 2 Gold: 277 Moves: 1649 Dungeon seed: ct_TCRO4j313F3RO Game ID: woodfighter_1475503958 Your Inventory: Coins $ - 277 gold pieces Weapons a - a +1 club (weapon in hand) b - a +2 sling (alternate weapon; not wielded) Armor n - an uncursed +0 orcish helm q - a blessed +0 leather armor (being worn) Comestibles f - an uncursed food ration Scrolls g - an uncursed scroll of light h - a cursed scroll of identify i - 2 uncursed scrolls of scare monster Potions j - an uncursed potion of sickness k - a blessed potion of speed o - an uncursed potion of extra healing Rings l - an uncursed ring of see invisible Tools m - a +0 pick-axe Gems e - 11 uncursed flints (in quiver) Spells and supernatural/magical abilities: Name Level Category Fail Memory W - pray for help -- divine ? -- Your skills at the end: Miscellaneous Skills bare handed combat [Basic] Weapon Skills scimitar [Basic] club [Basic] sling [Basic] Spellcasting Skills Final Attributes: You were piously aligned. You were poison resistant. You were telepathic. You had infravision. You were very stealthy. You are dead. Vanquished creatures: a puppy a floating eye 2 coyotes 2 geckos 2 giant rats a yellow mold a green mold a gnome a jackal a newt a goblin 3 lichens a kobold zombie 18 creatures vanquished. Voluntary challenges: You did not adorn yourself with jewelry or accessories. You did not cause conflict. You were not invisible. You did not have reflection. You were not displaced. You were an atheist. You used a wielded weapon 20 times, starting on turn 2. You did not use tools. You did not use plumbed fixtures. You did not drink any magical draughts. You were illiterate. You never genocided any monsters. You never polymorphed an object. You never changed form. You used no wishes. You never split a pudding. You never wrote Elbereth's name. You never violated your personal moral code. Dungeon overview: The Dungeons of Doom: levels 1 to 4 Level 1 (locked) a long staircase Level 2 a fountain Level 3 some fountains Level 4 stairs to The Gnomish Mines The Gnomish Mines: Level 5 <- You were here stairs to The Dungeons of Doom History has recorded: On T:1 you entered the Dungeons of Doom to retrieve the Amulet of Yendor! On T:389 you reached level 2 of The Dungeons of Doom. On T:703 you reached level 3 of The Dungeons of Doom. On T:795 you advanced to experience level 2. On T:837 you reached level 4 of The Dungeons of Doom. On T:1534 you advanced to experience level 3. On T:1596 you reached level 1 of The Gnomish Mines. Score breakdown: Gold: 277 ( 27 points) Experience: 3 levels ( 200 points) Exploration: 5 levels ( 120 points) Discoveries: 7 items ( 350 points) Variety of kills: 13 monsters ( 650 points) Major goal: (nothing yet) ( 0 points) Survival: died (score multiplied by 3) Total score: 4041 Latest messages: You see here a candy bar. This candy bar is delicious! You finish eating the candy bar. You see here 7 rocks. There are a few objects here. Hmmm, it seems to be locked. The giant rat bites! You kill the giant rat! You see here a tripe ration. Nowhere else around here can be automatically explored. Mmm, tripe... not bad! You finish eating the tripe ration. Nowhere else around here can be automatically explored. Where do you want to travel to? You hit the dwarf lord! The dwarf lord wields a broad pick! The dwarf lord swings his broad pick at the cavewoman. The dwarf lord hits you! You hit the dwarf lord! (2x) The dwarf lord swings his broad pick at the cavewoman. The dwarf lord hits you! The dwarf lord swings his broad pick at the cavewoman. The dwarf lord hits you! You die... Final status: Goodbye woodfighter the Cavewoman, killed by a dwarf lord... You died in The Gnomish Mines on dungeon level 5 with 4041 points, and 277 pieces of gold, after 1649 moves. You were level 3 with a maximum of 26 hit points when you died.